 Dungeon Crawl Stone Soup version 0.30-a0-170-g85af917532 (webtiles) character file.

Game seed: 4034328698697259255

163109 sanka the Spear-Bearer (level 17, -12/138 HPs)
             Began as a Gnoll Berserker on Sept 30, 2022.
             Was an Elder of Trog.
             Mangled by a naga warrior
             ... wielding a +0 long sword
              (21 damage)
             ... on level 3 of the Snake Pit.
             The game lasted 01:37:29 (47127 turns).

sanka the Spear-Bearer (Gnoll Berserker)           Turns: 47127, Time: 01:37:30

Health: -12/138    AC: 43    Str: 29    XL:     17   Next: 82%
Magic:  11/11      EV:  7    Int: 11    God:    Trog [****..]
Gold:   2074       SH:  0    Dex: 12    Spells: 40/40 levels left

rFire   . . .      SeeInvis .    a - +9 lajatang (antimagic)
rCold   . . .      Faith    .    (shield currently unavailable)
rNeg    . . .      Spirit   .    H - +8 crystal plate armour
rPois   .          Reflect  .    k - +1 helmet {Int+3}
rElec   .          Harm     .    V - +1 cloak
rCorr   .          Rampage  +    c - +0 pair of gloves
Will    +++..                    L - +1 pair of boots {rampage}
Stlth   ..........               E - amulet of the acrobat
HPRegen 1.33/turn                e - +4 ring of protection
MPRegen 0.12/turn                D - +6 ring of strength

@: lethally poisoned (-12 -> -13), strong-willed, on berserk cooldown,
regenerating, slowed, constricted, very slow
A: fangs 1, strong nose, distributed training
a: Renounce Religion, Berserk, Trog's Hand, Brothers in Arms


You were on level 3 of the Snake Pit.
You worshipped Trog.
Trog was greatly pleased with you.
You visited 4 branches of the dungeon, and saw 25 of its levels.
You also visited: Ossuary, Bailey, Ice Cave and Volcano.

You collected 3168 gold pieces.
You spent 1094 gold pieces at shops.


Innate Abilities, Weirdness & Mutations

You have very sharp teeth.
Your uncanny sense of smell can sniff out nearby items.
Your experience applies equally to all skills.


   Skills:
 + Level 13.8 Fighting
 + Level 12.3 Short Blades
 + Level 12.3 Long Blades
 + Level 12.3 Axes
 + Level 12.3 Maces & Flails
 + Level 13.8 Polearms
 + Level 12.3 Staves
 + Level 12.3 Ranged Weapons
 + Level 12.3 Throwing
 + Level 13.1 Armour
 + Level 13.1 Dodging
 + Level 12.3 Stealth
 + Level 12.3 Shields
 + Level 12.3 Unarmed Combat
 + Level 12.3 Spellcasting
 + Level 10.4 Conjurations
 + Level 10.4 Hexes
 + Level 10.4 Summonings
 + Level 10.4 Necromancy
 + Level 10.4 Translocations
 + Level 10.4 Transmutations
 + Level 10.4 Fire Magic
 + Level 10.4 Ice Magic
 + Level 10.4 Air Magic
 + Level 10.4 Earth Magic
 + Level 10.4 Poison Magic
 + Level 13.4 Invocations
 + Level 12.3 Evocations


You had 40 spell levels left.
You didn't know any spells.
Your spell library contained the following spells:

 Spells                   Type           Power      Damage    Failure   Level
 Stone Arrow              Conj/Erth      58%        3d10      9%          3
 Animate Armour           Summ/Erth      58%        N/A       28%         4
 Animate Dead             Necr           29%        N/A       28%         4
 Borgnjor's Vile Clutch   Necr/Erth      14%        N/A       61%         5
 Death Channel            Necr           14%        N/A       99%         6
 Lehudib's Crystal Spear  Conj/Erth      14%        10d5      100%        8

Inventory:

Hand Weapons
 a - a +9 antimagic lajatang (weapon)
 b - the +3 dagger "Reoz" {flame, rC+ Int+3}

   It burns those it strikes, dealing additional fire damage.
   Int:       It affects your intelligence (+3).
   rC:        It protects you from cold.
 w - the +8 great sword of Lies {flame, +Blink Will+ Str+4}

   It burns those it strikes, dealing additional fire damage.
   Big, fiery blades are also staple armaments of hydra-hunters.
   Str:       It affects your strength (+4).
   +Blink:    It lets you blink.
   Will:      It increases your willpower.
Missiles
 y - 18 poisoned darts (quivered)
Armour
 c - a +0 pair of gloves (worn)
 k - a +1 helmet of intelligence (worn)
 H - a +8 crystal plate armour (worn)
 L - a +1 pair of boots of rampaging (worn)
 V - a +1 cloak (worn)
Jewellery
 e - a +4 ring of protection (left hand)
 j - a ring of willpower
 u - a ring of resist corrosion
 D - a +6 ring of strength (right hand)
 E - an amulet of the acrobat (around neck)
 F - a ring of protection from fire
 I - a ring of flight
 O - a ring of see invisible
 Q - a +4 ring of protection
Wands
 i - a wand of paralysis (6)
 n - a wand of roots (15)
 C - a wand of mindburst (6)
 R - a wand of flame (24)
 T - a wand of polymorph (2)
Scrolls
 d - 7 scrolls of fear
 f - 12 scrolls of poison {!r}
 m - 6 scrolls of vulnerability {!r}
 q - 2 scrolls of butterflies
 t - 11 scrolls of teleportation {@r4}
 v - 4 scrolls of immolation {!r}
 A - 3 scrolls of summoning
 G - 7 scrolls of silence {!r}
 J - 5 scrolls of magic mapping
 M - 3 scrolls of noise {!r}
 U - 5 scrolls of blinking
Potions
 g - 2 potions of heal wounds {@q2}
 h - 7 potions of mutation {!q}
 l - 5 potions of haste {@q3}
 o - a potion of attraction {!q}
 p - 2 potions of ambrosia
 r - 11 potions of curing {@q1}
 s - 2 potions of might
 x - 5 potions of flight
 B - a potion of berserk rage {!q}
 K - 2 potions of invisibility
 N - 2 potions of resistance
 S - 2 potions of cancellation
Miscellaneous
 P - a phial of floods

Dungeon Overview and Level Annotations

Branches:
Dungeon (15/15)            Temple (0/1) D:6            Lair (5/5) D:9
 Shoals (0/4) Lair:2        Snake (3/4) Lair:2        Slime (0/5) Lair:4
    Orc (2/2) D:12            Elf (0/3) Orc:2        Vaults (0/5) D:13
 Depths (0/4) D:15        Ossuary (visited)          Bailey (visited)
  IceCv (visited)         Volcano (visited)

Altars:
Cheibriados
Dithmenos
Elyvilon
Fedhas
Gozag
Kikubaaqudgha
Makhleb
Nemelex Xobeh
Okawaru
Qazlal
Ru
Sif Muna
Zin
The Shining One
Jiyva

Shops:
D:6 *   D:12 ([   Orc:1 * Orc:2

**: ▒▒ ▒~♣ ▒▒▒ ▒~P≈ ▒▒▒▒▒▒▒▒
▒g▒▒▒▒~P~~~ .......▒▒▒
▒▒▒▒▒NN..~~~~~~♣ )........▒▒▒▒.▒
▒N...~.....♣
.).)...▒..▒...▒▒▒..........▒
.......▒▒......▒▒..........▒▒ ▒..
.......▒▒......▒▒...........▒▒▒..
.▒▒....▒▒.....N)▒.............▒..
▒.▒▒▒...▒.....▒▒!).†.............
........▒....▒▒▒▒▒..........▒▒▒..


You could see 2 naga warriors and a naga (strong).


Message History

The naga warrior is lightly wounded.
You feel very sick.
The naga warrior no longer looks unusually strong.
Your ogre hits the naga warrior with a +0 giant club!!
The naga warrior hits you with a +0 long sword!
* * * LOW HITPOINT WARNING * * *
The naga warrior grabs you. The naga warrior constricts you.
* * * LOW HITPOINT WARNING * * *
The naga warrior roars a battlecry!
The naga warrior goes into a battle-frenzy!
The naga warrior constricts your ogre.
Your ogre dies!
Unknown command.
You feel very sick.
The naga warrior roars a battlecry!
The naga warrior goes into a battle-frenzy!
The naga warrior constricts you.
The naga warrior hits you with a +0 long sword!
* * * LOW HITPOINT WARNING * * *
The naga warrior constricts you.
* * * LOW HITPOINT WARNING * * *
Unknown command.
Unknown command.
Unknown command.
You hit the naga warrior.
The naga warrior is lightly wounded.
You feel sick.
The naga warrior hits you with a +0 long sword!!
You die...

Action                   |  1- 3 |  4- 6 |  7- 9 | 10-12 | 13-15 | 16-18 || total
-------------------------+-------+-------+-------+-------+-------+-------++-------
Melee: Spear             |   108 |    89 |       |       |       |       ||   197
       Bite              |     5 |    14 |    52 |    98 |   328 |   160 ||   657
       Punch             |     3 |       |       |       |       |       ||     3
       Dire flail        |       |    43 |   321 |   812 |  1667 |       ||  2843
       Dagger            |       |       |       |       |     7 |       ||     7
       Lajatang          |       |       |       |       |   216 |  1089 ||  1305
       Great sword       |       |       |       |       |       |     3 ||     3
Throw: Dart              |       |       |     4 |     5 |     2 |       ||    11
Invok: Berserk           |       |     3 |     4 |    11 |    15 |    11 ||    44
       Trog's Hand       |       |       |     2 |     1 |     5 |     4 ||    12
       Brothers in Arms  |       |       |       |       |       |     2 ||     2
Evoke: Wand              |       |       |       |     1 |       |    12 ||    13
  Use: Scroll            |       |       |     9 |    17 |    18 |     4 ||    48
       Potion            |       |       |       |     3 |     2 |     7 ||    12
 Stab: Sleeping          |    10 |    11 |       |       |       |       ||    21
       Paralysed         |       |       |       |     2 |       |       ||     2
       Petrified         |       |       |       |       |    11 |       ||    11
       Invisible         |       |       |       |       |       |     4 ||     4
Armor: Animal skin       |     8 |     2 |       |       |       |       ||    10
       Chain mail        |       |     2 |   197 |    26 |       |       ||   225
       Leather armour    |       |    11 |    10 |       |       |       ||    21
       Crystal plate arm |       |       |       |   791 |  1618 |   915 ||  3324
Dodge: Dodged            |    36 |    56 |   187 |   333 |   890 |   597 ||  2099

Levels and vault maps discovered:
D:1:      eino_arrival_druids_welcome, layout_basic
D:2:      layout_loops_ring, basic_altar
D:3:      layout_loops_ring, basic_ecumenical_altar
D:4:      layout_loops_corners, minmay_ruptured, uniq_edmund, uniq_eustachio
D:5:      layout_gridville, nicolae_overflow_hallway_of_the_gods
D:6:      layout_cave_pods, minmay_temple_entry_grid, serial_shops,
          nicolae_shop_waterfront, uniq_grinder
D:7:      layout_cave_pools, enter_bailey_5
D:8:      layout_loops_ring, enter_ossuary_2
D:9:      layout_cave_pools, grunt_temple_overflow_growth_and_decay,
          david_lair_shrubbed
D:10:     layout_basic, zin_academy, st_stairs_11
D:11:     minmay_slanted_spiral_squares, layout_basic,
          minmay_misc_feat_ornament, hangedman_abyss_or_decor_jellyfish_corner,
          uniq_maurice
D:12:     layout_loops_cross, orc_david_3, serial_rivers,
          chequers_serial_rivers_micro_e, chequers_serial_rivers_small_3,
          chequers_serial_rivers_micro_a, chequers_serial_rivers_micro_e,
          chequers_serial_rivers_large_a, uniq_josephine, uniq_nergalle
D:13:     minmay_goldmine, layout_irregular_city, david_vaults_2,
          portal_ice_cave_demonic_guard
D:14:     layout_rooms, nrook_uturn
D:15:     hangedman_depths_entry_civil_slaughter, layout_loops_cross,
          nicolae_elyvilon_temple_path, kb_rosetta, uniq_azrael, uniq_louise
Lair:1:   gammafunk_indiana_jones, layout_chaotic_city, basic_altar,
          enter_volcano_2
Lair:2:   layout_chaotic_city, minmay_shoals_entry_hut,
          guppyfry_snake_entry_garden, grunt_megastairs_1
Lair:3:   layout_roguey, serial_bayou_pond_a, uniq_amaemon
Lair:4:   nzn_winding_woodlands_small [nzn_winding_woodlands_5x15_sidewinder,
          nzn_winding_woodlands_center_triple_pond,
          nzn_winding_woodlands_5x15_lazy_stream], layout_cave_pods,
          minmay_slime_entry_pillars, small_statue_intersection, minivault_19,
          lemuel_fruit_fields
Lair:5:   hangedman_lair_caniforms_friends, layout_long_grid, wormcave,
          gammafunk_ghost_hydra_chop, infiniplex_staircase_pool
Snake:1:  layout_onion, gammafunk_ghost_split, grunt_megastairs_3,
          nicolae_triple_integral
Snake:2:  layout_honeycomb, serial_bayou_shore_b
Snake:3:  layout_chambers, gammafunk_ghost_grave, serial_bayou_shore_a,
          serial_bayou_shore_b, lemuel_fruit_tree
Orc:1:    layout_caves, basic_altar, ebering_ghost_gozag,
          nicolae_orc_sculptors_studio
Orc:2:    st_orc_rangers, layout_caves, special_room, basic_altar

Notes
Turn   | Place    | Note
-------+----------+-------------------------------------------
     0 | D:1      | sanka the Gnoll Berserker began the quest for the Orb.
     0 | D:1      | Reached XP level 1. HP: 23/23 MP: 1/1
   126 | D:1      | Reached XP level 2. HP: 28/29 MP: 2/2
   695 | D:1      | Reached XP level 3. HP: 35/35 MP: 3/3
   785 | D:1      | Reached ** piety under Trog
   850 | D:2      | Reached skill level 1 in Invocations
  1032 | D:2      | Reached skill level 1 in Short Blades
  1032 | D:2      | Reached skill level 1 in Long Blades
  1032 | D:2      | Reached skill level 1 in Axes
  1032 | D:2      | Reached skill level 1 in Maces & Flails
  1032 | D:2      | Reached skill level 1 in Staves
  1032 | D:2      | Reached skill level 1 in Ranged Weapons
  1032 | D:2      | Reached skill level 1 in Throwing
  1032 | D:2      | Reached skill level 1 in Stealth
  1032 | D:2      | Reached skill level 1 in Shields
  1032 | D:2      | Reached skill level 1 in Unarmed Combat
  1032 | D:2      | Reached skill level 1 in Spellcasting
  1032 | D:2      | Reached skill level 1 in Evocations
  1357 | D:2      | Reached XP level 4. HP: 39/41 MP: 5/5
  1489 | D:2      | Found a shadowy altar of Dithmenos.
  1709 | D:3      | Found a faded altar of an unknown god.
  1992 | D:3      | Reached skill level 1 in Conjurations
  1992 | D:3      | Reached skill level 1 in Hexes
  1992 | D:3      | Reached skill level 1 in Summonings
  1992 | D:3      | Reached skill level 1 in Necromancy
  1992 | D:3      | Reached skill level 1 in Translocations
  1992 | D:3      | Reached skill level 1 in Transmutations
  1992 | D:3      | Reached skill level 1 in Fire Magic
  1992 | D:3      | Reached skill level 1 in Ice Magic
  1992 | D:3      | Reached skill level 1 in Air Magic
  1992 | D:3      | Reached skill level 1 in Earth Magic
  1992 | D:3      | Reached skill level 1 in Poison Magic
  2057 | D:3      | Reached XP level 5. HP: 47/47 MP: 5/7
  2231 | D:3      | Identified the +3 dagger "Reoz" {flame, rC+ Int+3}
  2753 | D:4      | Noticed Edmund
  2772 | D:4      | Killed Edmund
  2773 | D:4      | Reached skill level 2 in Short Blades
  2773 | D:4      | Reached skill level 2 in Long Blades
  2773 | D:4      | Reached skill level 2 in Axes
  2773 | D:4      | Reached skill level 2 in Maces & Flails
  2773 | D:4      | Reached skill level 2 in Staves
  2773 | D:4      | Reached skill level 2 in Ranged Weapons
  2773 | D:4      | Reached skill level 2 in Throwing
  2773 | D:4      | Reached skill level 5 in Armour
  2773 | D:4      | Reached skill level 5 in Dodging
  2773 | D:4      | Reached skill level 2 in Stealth
  2773 | D:4      | Reached skill level 2 in Shields
  2773 | D:4      | Reached skill level 2 in Unarmed Combat
  2773 | D:4      | Reached skill level 2 in Spellcasting
  2773 | D:4      | Reached skill level 2 in Invocations
  2773 | D:4      | Reached skill level 2 in Evocations
  2773 | D:4      | Reached XP level 6. HP: 47/53 MP: 7/9
  3252 | D:4      | Reached skill level 7 in Fighting
  3252 | D:4      | Reached skill level 7 in Polearms
  3252 | D:4      | Reached XP level 7. HP: 59/60 MP: 10/10
  3315 | D:4      | Noticed Eustachio
  3327 | D:4      | Killed Eustachio
  3327 | D:4      | Reached *** piety under Trog
  3328 | D:4      | Reached skill level 2 in Conjurations
  3328 | D:4      | Reached skill level 2 in Hexes
  3328 | D:4      | Reached skill level 2 in Summonings
  3328 | D:4      | Reached skill level 2 in Necromancy
  3328 | D:4      | Reached skill level 2 in Translocations
  3328 | D:4      | Reached skill level 2 in Transmutations
  3328 | D:4      | Reached skill level 2 in Fire Magic
  3328 | D:4      | Reached skill level 2 in Ice Magic
  3328 | D:4      | Reached skill level 2 in Air Magic
  3328 | D:4      | Reached skill level 2 in Earth Magic
  3328 | D:4      | Reached skill level 2 in Poison Magic
  3720 | D:5      | Entered Level 5 of the Dungeon
  3806 | D:5      | Reached skill level 3 in Invocations
  4196 | D:5      | Found an opulent altar of Gozag.
  4196 | D:5      | Found a shadowy altar of Dithmenos.
  4196 | D:5      | Found an iron altar of Okawaru.
  4250 | D:5      | Found a shimmering blue altar of Sif Muna.
  4251 | D:5      | Found a glowing golden altar of the Shining One.
  4254 | D:5      | Found a white marble altar of Elyvilon.
  4255 | D:5      | Found a stormy altar of Qazlal.
  4257 | D:5      | Found a snail-covered altar of Cheibriados.
  4302 | D:5      | Found a sparkling altar of Nemelex Xobeh.
  4303 | D:5      | Found a burning altar of Makhleb.
  4481 | D:5      | Reached skill level 3 in Short Blades
  4481 | D:5      | Reached skill level 3 in Long Blades
  4481 | D:5      | Reached skill level 3 in Axes
  4481 | D:5      | Reached skill level 3 in Maces & Flails
  4481 | D:5      | Reached skill level 3 in Staves
  4481 | D:5      | Reached skill level 3 in Ranged Weapons
  4481 | D:5      | Reached skill level 3 in Throwing
  4481 | D:5      | Reached skill level 3 in Stealth
  4481 | D:5      | Reached skill level 3 in Shields
  4481 | D:5      | Reached skill level 3 in Unarmed Combat
  4481 | D:5      | Reached skill level 3 in Spellcasting
  4481 | D:5      | Reached skill level 3 in Evocations
  4481 | D:5      | Reached XP level 8. HP: 67/67 MP: 12/12
  4759 | D:6      | Noticed Grinder
  4760 | D:6      | Paralysed by Grinder for 3 turns
  4790 | D:6      | Killed Grinder
  4913 | D:6      | Found Hidu's Assorted Antiques.
  4975 | D:6      | Reached skill level 3 in Conjurations
  4975 | D:6      | Reached skill level 3 in Hexes
  4975 | D:6      | Reached skill level 3 in Summonings
  4975 | D:6      | Reached skill level 3 in Necromancy
  4975 | D:6      | Reached skill level 3 in Translocations
  4975 | D:6      | Reached skill level 3 in Transmutations
  4975 | D:6      | Reached skill level 3 in Fire Magic
  4975 | D:6      | Reached skill level 3 in Ice Magic
  4975 | D:6      | Reached skill level 3 in Air Magic
  4975 | D:6      | Reached skill level 3 in Earth Magic
  4975 | D:6      | Reached skill level 3 in Poison Magic
  4975 | D:6      | Reached skill level 4 in Invocations
  5608 | D:6      | Found a staircase to the Ecumenical Temple.
  5695 | D:6      | Reached skill level 6 in Armour
  5695 | D:6      | Reached skill level 6 in Dodging
  6089 | D:7      | Noticed a boulder beetle
  6099 | D:6      | Reached XP level 9. HP: 34/73 MP: 14/14
  6180 | D:7      | Reached skill level 4 in Short Blades
  6180 | D:7      | Reached skill level 4 in Long Blades
  6180 | D:7      | Reached skill level 4 in Axes
  6180 | D:7      | Reached skill level 4 in Maces & Flails
  6180 | D:7      | Reached skill level 4 in Staves
  6180 | D:7      | Reached skill level 4 in Ranged Weapons
  6180 | D:7      | Reached skill level 4 in Throwing
  6180 | D:7      | Reached skill level 4 in Stealth
  6180 | D:7      | Reached skill level 4 in Shields
  6180 | D:7      | Reached skill level 4 in Unarmed Combat
  6180 | D:7      | Reached skill level 4 in Spellcasting
  6180 | D:7      | Reached skill level 4 in Evocations
  6266 | D:7      | Killed a boulder beetle
  6267 | D:7      | Reached skill level 8 in Fighting
  6267 | D:7      | Reached skill level 8 in Polearms
  6267 | D:7      | Reached skill level 5 in Invocations
  6346 | D:7      | Found a flagged portal.
  6507 | Bailey   | Entered a bailey
  6758 | Bailey   | Reached skill level 4 in Conjurations
  6758 | Bailey   | Reached skill level 4 in Hexes
  6758 | Bailey   | Reached skill level 4 in Summonings
  6758 | Bailey   | Reached skill level 4 in Necromancy
  6758 | Bailey   | Reached skill level 4 in Translocations
  6758 | Bailey   | Reached skill level 4 in Transmutations
  6758 | Bailey   | Reached skill level 4 in Fire Magic
  6758 | Bailey   | Reached skill level 4 in Ice Magic
  6758 | Bailey   | Reached skill level 4 in Air Magic
  6758 | Bailey   | Reached skill level 4 in Earth Magic
  6758 | Bailey   | Reached skill level 4 in Poison Magic
  7095 | Bailey   | Reached skill level 5 in Short Blades
  7095 | Bailey   | Reached skill level 5 in Long Blades
  7095 | Bailey   | Reached skill level 5 in Axes
  7095 | Bailey   | Reached skill level 5 in Maces & Flails
  7095 | Bailey   | Reached skill level 5 in Staves
  7095 | Bailey   | Reached skill level 5 in Ranged Weapons
  7095 | Bailey   | Reached skill level 5 in Throwing
  7095 | Bailey   | Reached skill level 5 in Stealth
  7095 | Bailey   | Reached skill level 5 in Shields
  7095 | Bailey   | Reached skill level 5 in Unarmed Combat
  7095 | Bailey   | Reached skill level 5 in Spellcasting
  7095 | Bailey   | Reached skill level 5 in Evocations
  7095 | Bailey   | Reached XP level 10. HP: 78/81 MP: 17/17
  7106 | Bailey   | Identified a +0 crystal plate armour
  7365 | Bailey   | Noticed an orc knight
  7365 | Bailey   | Noticed an orc knight
  7833 | Bailey   | Killed an orc knight
  7834 | Bailey   | Reached skill level 7 in Armour
  7834 | Bailey   | Reached skill level 7 in Dodging
  8102 | Bailey   | Killed an orc knight
  8103 | Bailey   | Reached skill level 6 in Invocations
  8250 | Bailey   | Reached skill level 9 in Fighting
  8250 | Bailey   | Reached skill level 6 in Short Blades
  8250 | Bailey   | Reached skill level 6 in Long Blades
  8250 | Bailey   | Reached skill level 6 in Axes
  8250 | Bailey   | Reached skill level 6 in Maces & Flails
  8250 | Bailey   | Reached skill level 9 in Polearms
  8250 | Bailey   | Reached skill level 6 in Staves
  8250 | Bailey   | Reached skill level 6 in Ranged Weapons
  8250 | Bailey   | Reached skill level 6 in Throwing
  8250 | Bailey   | Reached skill level 8 in Armour
  8250 | Bailey   | Reached skill level 8 in Dodging
  8250 | Bailey   | Reached skill level 6 in Stealth
  8250 | Bailey   | Reached skill level 6 in Shields
  8250 | Bailey   | Reached skill level 6 in Unarmed Combat
  8250 | Bailey   | Reached skill level 6 in Spellcasting
  8250 | Bailey   | Reached skill level 5 in Conjurations
  8250 | Bailey   | Reached skill level 5 in Hexes
  8250 | Bailey   | Reached skill level 5 in Summonings
  8250 | Bailey   | Reached skill level 5 in Necromancy
  8250 | Bailey   | Reached skill level 5 in Translocations
  8250 | Bailey   | Reached skill level 5 in Transmutations
  8250 | Bailey   | Reached skill level 5 in Fire Magic
  8250 | Bailey   | Reached skill level 5 in Ice Magic
  8250 | Bailey   | Reached skill level 5 in Air Magic
  8250 | Bailey   | Reached skill level 5 in Earth Magic
  8250 | Bailey   | Reached skill level 5 in Poison Magic
  8250 | Bailey   | Reached skill level 7 in Invocations
  8250 | Bailey   | Reached skill level 6 in Evocations
  8250 | Bailey   | Reached XP level 11. HP: 89/89 MP: 18/20
  8513 | D:6      | Bought a moonstone ring for 140 gold pieces
  8579 | D:8      | Identified a scroll of acquirement
  8581 | D:8      | Acquired a +6 ring of strength
  8741 | D:8      | Reached **** piety under Trog
  8781 | D:8      | Found a sand-covered staircase.
  8786 | Ossuary  | Entered an ossuary
  9457 | D:8      | Reached skill level 7 in Short Blades
  9457 | D:8      | Reached skill level 7 in Long Blades
  9457 | D:8      | Reached skill level 7 in Axes
  9457 | D:8      | Reached skill level 7 in Maces & Flails
  9457 | D:8      | Reached skill level 7 in Staves
  9457 | D:8      | Reached skill level 7 in Ranged Weapons
  9457 | D:8      | Reached skill level 7 in Throwing
  9457 | D:8      | Reached skill level 7 in Stealth
  9457 | D:8      | Reached skill level 7 in Shields
  9457 | D:8      | Reached skill level 7 in Unarmed Combat
  9457 | D:8      | Reached skill level 7 in Spellcasting
  9457 | D:8      | Reached skill level 7 in Evocations
  9917 | D:8      | a meliai changed into a fire crab
  9917 | D:8      | Noticed a fire crab (shapeshifter)
  9929 | D:8      | Killed a fire crab
 10365 | D:9      | HP: 9/90 [yak (5)]
 10368 | D:9      | HP: 1/135 [yak (10)]
 10374 | D:9      | Reached skill level 6 in Conjurations
 10374 | D:9      | Reached skill level 6 in Hexes
 10374 | D:9      | Reached skill level 6 in Summonings
 10374 | D:9      | Reached skill level 6 in Necromancy
 10374 | D:9      | Reached skill level 6 in Translocations
 10374 | D:9      | Reached skill level 6 in Transmutations
 10374 | D:9      | Reached skill level 6 in Fire Magic
 10374 | D:9      | Reached skill level 6 in Ice Magic
 10374 | D:9      | Reached skill level 6 in Air Magic
 10374 | D:9      | Reached skill level 6 in Earth Magic
 10374 | D:9      | Reached skill level 6 in Poison Magic
 10374 | D:9      | Reached XP level 12. HP: 2/97 MP: 22/22
 10927 | D:9      | Found a staircase to the Lair.
 11017 | D:9      | Found a blossoming altar of Fedhas.
 11017 | D:9      | Found an ancient bone altar of Kikubaaqudgha.
 11110 | D:9      | Reached skill level 8 in Invocations
 11337 | D:10     | Entered Level 10 of the Dungeon
 11795 | D:10     | Reached skill level 10 in Fighting
 11795 | D:10     | Reached skill level 10 in Polearms
 11914 | D:10     | HP: 7/97 [killer bee (4)]
 11915 | D:10     | HP: 1/97 [poisoned by a killer bee]
 12277 | D:10     | Found a glowing silver altar of Zin.
 12319 | D:10     | Reached ***** piety under Trog
 13270 | D:10     | Reached skill level 9 in Armour
 13270 | D:10     | Reached skill level 9 in Dodging
 13577 | D:11     | Identified +0 acid dragon scales
 14162 | D:11     | Noticed an eight-headed hydra
 14192 | D:11     | Killed an eight-headed hydra
 14464 | D:11     | Noticed Maurice
 14470 | D:11     | Killed Maurice
 14632 | D:11     | Reached skill level 8 in Short Blades
 14632 | D:11     | Reached skill level 8 in Long Blades
 14632 | D:11     | Reached skill level 8 in Axes
 14632 | D:11     | Reached skill level 8 in Maces & Flails
 14632 | D:11     | Reached skill level 8 in Staves
 14632 | D:11     | Reached skill level 8 in Ranged Weapons
 14632 | D:11     | Reached skill level 8 in Throwing
 14632 | D:11     | Reached skill level 8 in Stealth
 14632 | D:11     | Reached skill level 8 in Shields
 14632 | D:11     | Reached skill level 8 in Unarmed Combat
 14632 | D:11     | Reached skill level 8 in Spellcasting
 14632 | D:11     | Reached skill level 8 in Evocations
 15012 | D:11     | Noticed a boulder beetle
 15013 | D:11     | Noticed a two-headed ogre
 15014 | D:11     | Noticed a boulder beetle
 15041 | D:11     | Noticed a five-headed hydra
 15061 | D:11     | Killed a five-headed hydra
 15064 | D:11     | Killed a two-headed ogre
 15079 | D:11     | Killed a boulder beetle
 15080 | D:11     | Reached skill level 9 in Invocations
 15080 | D:11     | Reached XP level 13. HP: 72/104 MP: 25/25
 15609 | D:11     | Reached skill level 7 in Conjurations
 15609 | D:11     | Reached skill level 7 in Hexes
 15609 | D:11     | Reached skill level 7 in Summonings
 15609 | D:11     | Reached skill level 7 in Necromancy
 15609 | D:11     | Reached skill level 7 in Translocations
 15609 | D:11     | Reached skill level 7 in Transmutations
 15609 | D:11     | Reached skill level 7 in Fire Magic
 15609 | D:11     | Reached skill level 7 in Ice Magic
 15609 | D:11     | Reached skill level 7 in Air Magic
 15609 | D:11     | Reached skill level 7 in Earth Magic
 15609 | D:11     | Reached skill level 7 in Poison Magic
 16591 | Lair:1   | Entered Level 1 of the Lair of Beasts
 16824 | Lair:1   | Found a dark tunnel.
 17000 | Volcano  | Entered a volcano
 17494 | Volcano  | Found a bloodstained altar of Trog.
 17524 | Volcano  | Reached skill level 11 in Fighting
 17524 | Volcano  | Reached skill level 11 in Polearms
 17524 | Volcano  | Reached skill level 10 in Armour
 17524 | Volcano  | Reached skill level 10 in Dodging
 17574 | Volcano  | Noticed a red draconian
 17588 | Volcano  | Killed a red draconian
 18476 | Lair:1   | Found a sacrificial altar of Ru.
 18610 | Lair:1   | Reached skill level 9 in Short Blades
 18610 | Lair:1   | Reached skill level 9 in Long Blades
 18610 | Lair:1   | Reached skill level 9 in Axes
 18610 | Lair:1   | Reached skill level 9 in Maces & Flails
 18610 | Lair:1   | Reached skill level 9 in Staves
 18610 | Lair:1   | Reached skill level 9 in Ranged Weapons
 18610 | Lair:1   | Reached skill level 9 in Throwing
 18610 | Lair:1   | Reached skill level 9 in Stealth
 18610 | Lair:1   | Reached skill level 9 in Shields
 18610 | Lair:1   | Reached skill level 9 in Unarmed Combat
 18610 | Lair:1   | Reached skill level 9 in Spellcasting
 18610 | Lair:1   | Reached skill level 9 in Evocations
 19159 | Lair:2   | Reached skill level 10 in Invocations
 19321 | Lair:2   | Reached XP level 14. HP: 113/113 MP: 27/27
 19368 | Lair:2   | Found a staircase to the Shoals.
 19964 | Lair:2   | Found a staircase to the Snake Pit.
 21195 | Lair:5   | Entered Level 5 of the Lair of Beasts
 21201 | Lair:5   | Received a gift from Trog
 21567 | Lair:5   | Reached skill level 8 in Conjurations
 21567 | Lair:5   | Reached skill level 8 in Hexes
 21567 | Lair:5   | Reached skill level 8 in Summonings
 21567 | Lair:5   | Reached skill level 8 in Necromancy
 21567 | Lair:5   | Reached skill level 8 in Translocations
 21567 | Lair:5   | Reached skill level 8 in Transmutations
 21567 | Lair:5   | Reached skill level 8 in Fire Magic
 21567 | Lair:5   | Reached skill level 8 in Ice Magic
 21567 | Lair:5   | Reached skill level 8 in Air Magic
 21567 | Lair:5   | Reached skill level 8 in Earth Magic
 21567 | Lair:5   | Reached skill level 8 in Poison Magic
 22135 | Lair:3   | Noticed Amaemon
 22158 | Lair:3   | Killed Amaemon
 24418 | Lair:4   | Reached skill level 10 in Short Blades
 24418 | Lair:4   | Reached skill level 10 in Long Blades
 24418 | Lair:4   | Reached skill level 10 in Axes
 24418 | Lair:4   | Reached skill level 10 in Maces & Flails
 24418 | Lair:4   | Reached skill level 10 in Staves
 24418 | Lair:4   | Reached skill level 10 in Ranged Weapons
 24418 | Lair:4   | Reached skill level 10 in Throwing
 24418 | Lair:4   | Reached skill level 11 in Armour
 24418 | Lair:4   | Reached skill level 11 in Dodging
 24418 | Lair:4   | Reached skill level 10 in Stealth
 24418 | Lair:4   | Reached skill level 10 in Shields
 24418 | Lair:4   | Reached skill level 10 in Unarmed Combat
 24418 | Lair:4   | Reached skill level 10 in Spellcasting
 24418 | Lair:4   | Reached skill level 10 in Evocations
 24652 | Lair:4   | Found a viscous altar of Jiyva.
 24653 | Lair:4   | Found a staircase to the Slime Pits.
 24754 | Lair:4   | Reached skill level 11 in Invocations
 24830 | Lair:4   | Identified the +1 ring mail "Sareguam" {Str+7 Stlth-}
 24849 | Lair:4   | Reached skill level 12 in Fighting
 24849 | Lair:4   | Reached skill level 12 in Polearms
 24849 | Lair:4   | Reached XP level 15. HP: 106/120 MP: 29/29
 25790 | Lair:5   | Found a runed translucent gate.
 25790 | Lair:5   | Found a runed translucent gate.
 25790 | Lair:5   | Found a runed translucent gate.
 25792 | Lair:5   | Noticed Reyvek's ghost (journeyman OpCj)
 27492 | Lair:5   | Identified 2 potions of resistance
 28207 | Lair:5   | Killed Reyvek's ghost
 28807 | D:12     | Found Coluhil's Weapon Emporium.
 28808 | D:12     | Found a staircase to the Orcish Mines.
 28812 | D:12     | Found Mete's Armour Emporium.
 28887 | D:12     | Received a gift from Trog
 29137 | D:12     | Noticed Josephine
 29141 | D:12     | Reached skill level 9 in Conjurations
 29141 | D:12     | Reached skill level 9 in Hexes
 29141 | D:12     | Reached skill level 9 in Summonings
 29141 | D:12     | Reached skill level 9 in Necromancy
 29141 | D:12     | Reached skill level 9 in Translocations
 29141 | D:12     | Reached skill level 9 in Transmutations
 29141 | D:12     | Reached skill level 9 in Fire Magic
 29141 | D:12     | Reached skill level 9 in Ice Magic
 29141 | D:12     | Reached skill level 9 in Air Magic
 29141 | D:12     | Reached skill level 9 in Earth Magic
 29141 | D:12     | Reached skill level 9 in Poison Magic
 29145 | D:12     | Killed Josephine
 29510 | D:12     | Noticed Nergalle
 29540 | D:12     | Killed Nergalle
 29604 | D:12     | HP: 10/120 [slime creature (6)]
 29607 | D:12     | HP: 1/120 [slime creature (10)]
 30241 | Orc:1    | Entered Level 1 of the Orcish Mines
 30418 | Orc:1    | Found a runed translucent gate.
 30418 | Orc:1    | Found a runed translucent gate.
 30418 | Orc:1    | Found a runed translucent gate.
 30419 | Orc:1    | Found an opulent altar of Gozag.
 30436 | Orc:1    | Noticed Soratza's ghost (journeyman MiFi)
 30631 | Orc:1    | Found Enoej's Assorted Antiques.
 30672 | Orc:2    | Entered Level 2 of the Orcish Mines
 30725 | Orc:2    | Found a staircase to the Elven Halls.
 32320 | Orc:2    | Reached XP level 16. HP: 101/129 MP: 10/30
 32718 | Orc:2    | Found Xikeer's General Store.
 32718 | Orc:2    | Found Todyveowy's General Store.
 32719 | Orc:2    | Found Leshas's Book Emporium.
 32721 | Orc:2    | Found Isass's Assorted Antiques.
 32826 | Orc:2    | Identified the +8 great sword of Lies {flame, +Blink Will+
                  | Str+4} (Trog gifted it to you on level 2 of the Orcish
                  | Mines)
 32826 | Orc:2    | Received a gift from Trog
 33153 | Orc:1    | Reached skill level 11 in Short Blades
 33153 | Orc:1    | Reached skill level 11 in Long Blades
 33153 | Orc:1    | Reached skill level 11 in Axes
 33153 | Orc:1    | Reached skill level 11 in Maces & Flails
 33153 | Orc:1    | Reached skill level 11 in Staves
 33153 | Orc:1    | Reached skill level 11 in Ranged Weapons
 33153 | Orc:1    | Reached skill level 11 in Throwing
 33153 | Orc:1    | Reached skill level 11 in Stealth
 33153 | Orc:1    | Reached skill level 11 in Shields
 33153 | Orc:1    | Reached skill level 11 in Unarmed Combat
 33153 | Orc:1    | Reached skill level 11 in Spellcasting
 33153 | Orc:1    | Reached skill level 11 in Evocations
 33313 | D:12     | Killed Soratza's ghost
 33490 | D:12     | Bought a +1 helmet of intelligence for 247 gold pieces
 33562 | Orc:2    | Bought a potion of haste for 170 gold pieces
 33688 | D:13     | Reached skill level 12 in Invocations
 33728 | D:13     | Found a gate to the Vaults.
 33747 | D:13     | Reached skill level 12 in Armour
 33747 | D:13     | Reached skill level 12 in Dodging
 33880 | D:13     | Found a frozen archway.
 33893 | IceCv    | Entered an ice cave
 34660 | IceCv    | Found an ancient bone altar of Kikubaaqudgha.
 35775 | D:13     | Reached ****** piety under Trog
 36300 | D:13     | Reached skill level 13 in Fighting
 36300 | D:13     | Reached skill level 13 in Polearms
 36883 | D:6      | Bought a scroll of teleportation for 84 gold pieces
 37041 | Orc:2    | Bought a potion of curing for 51 gold pieces
 37044 | Orc:2    | Bought a potion of curing for 87 gold pieces
 37083 | Orc:1    | Bought a scroll of teleportation for 90 gold pieces
 37083 | Orc:1    | Bought a scroll of magic mapping for 225 gold pieces
 37262 | D:14     | Received a gift from Trog
 38863 | D:15     | Entered Level 15 of the Dungeon
 38980 | D:15     | Noticed Louise
 39007 | D:15     | Killed Louise
 39007 | D:15     | HP: 2/122 [centaur warrior/arrow (21)]
 39644 | D:15     | Found a staircase to the Depths.
 40422 | D:15     | Noticed Azrael
 40432 | D:15     | Killed Azrael
 40434 | D:15     | Identified the +2 lajatang "Dies" {vorpal, rPois Will+}
                  | (Trog gifted it to you on level 15 of the Dungeon)
 40434 | D:15     | Received a gift from Trog
 40700 | D:15     | Found a white marble altar of Elyvilon.
 40706 | D:15     | Reached XP level 17. HP: 137/137 MP: 10/32
 41528 | Snake:1  | Entered Level 1 of the Snake Pit
 41594 | Snake:1  | Reached skill level 10 in Conjurations
 41594 | Snake:1  | Reached skill level 10 in Hexes
 41594 | Snake:1  | Reached skill level 10 in Summonings
 41594 | Snake:1  | Reached skill level 10 in Necromancy
 41594 | Snake:1  | Reached skill level 10 in Translocations
 41594 | Snake:1  | Reached skill level 10 in Transmutations
 41594 | Snake:1  | Reached skill level 10 in Fire Magic
 41594 | Snake:1  | Reached skill level 10 in Ice Magic
 41594 | Snake:1  | Reached skill level 10 in Air Magic
 41594 | Snake:1  | Reached skill level 10 in Earth Magic
 41594 | Snake:1  | Reached skill level 10 in Poison Magic
 41862 | Snake:1  | Noticed Qijybrei's ghost (adept HuCj)
 41863 | Snake:1  | Found a runed translucent gate.
 41864 | Snake:1  | Found a runed translucent gate.
 42211 | Snake:1  | Found a runed translucent gate.
 42630 | Snake:1  | Reached skill level 13 in Invocations
 42642 | Snake:1  | Killed Qijybrei's ghost
 42643 | Snake:1  | Reached skill level 12 in Short Blades
 42643 | Snake:1  | Reached skill level 12 in Long Blades
 42643 | Snake:1  | Reached skill level 12 in Axes
 42643 | Snake:1  | Reached skill level 12 in Maces & Flails
 42643 | Snake:1  | Reached skill level 12 in Staves
 42643 | Snake:1  | Reached skill level 12 in Ranged Weapons
 42643 | Snake:1  | Reached skill level 12 in Throwing
 42643 | Snake:1  | Reached skill level 12 in Stealth
 42643 | Snake:1  | Reached skill level 12 in Shields
 42643 | Snake:1  | Reached skill level 12 in Unarmed Combat
 42643 | Snake:1  | Reached skill level 12 in Spellcasting
 42643 | Snake:1  | Reached skill level 12 in Evocations
 42924 | Snake:1  | Identified the +5 chain mail "Woqaod" {Rampage +Inv rF+
                  | Dex+4}
 44023 | Snake:2  | Received a gift from Trog
 45135 | Snake:2  | Reached skill level 13 in Armour
 45135 | Snake:2  | Reached skill level 13 in Dodging
 47125 | Snake:3  | HP: 11/138 [naga warrior/+0 long sword (16)]
 47127 | Snake:3  | Mangled by a naga warrior

Vanquished Creatures
  The ghost of Qijybrei the Destroyer, an adept HuCj of Elyvilon (Snake:1)
  Louise (D:15)
  Azrael (D:15)
  A red draconian (Volcano)
  The ghost of Soratza the Severer, a journeyman MiFi of Okawaru (D:12)
  The ghost of Reyvek the Blocker, a journeyman OpCj of Gozag (Lair:5)
  Josephine (D:12)
  An ettin (D:15)
  2 yaktaur captains
  11 hydras
  A great orb of eyes (shapeshifter) (D:15)
  2 ogre magi
  2 catoblepae
  9 boulder beetles
  8 anacondas
  12 centaur warriors
  14 two-headed ogres
  7 death yaks
  5 naga warriors
  4 naga sharpshooters
  A tengu warrior (D:15)
  Nergalle (D:12)
  2 shock serpents (Snake:1)
  Amaemon (Lair:3)
  A fire crab (shapeshifter) (D:8)
  A deep troll (D:15)
  A skeletal warrior (D:11)
  A glowing orange brain (D:15)
  A lindwurm (Lair:5)
  6 orc knights
  3 necromancers
  3 naga ritualists
  2 deep elf pyromancers
  6 mana vipers
  14 ugly things
  An oklob plant (Lair:5)
  5 salamanders
  A wolf spider (D:14)
  3 manticores
  8 cyclopes
  11 elephants
  10 naga magi
  An ice statue (IceCv)
  An orange demon (Lair:3)
  A torpor snail (Lair:4)
  33 black mambas
  A molten gargoyle (Volcano)
  2 gargoyles
  6 guardian serpents
  11 cane toads
  Maurice (D:11)
  2 unseen horrors
  An unseen horror (shapeshifter) (D:14)
  3 rime drakes (Lair:5)
  3 freezing wraiths (IceCv)
  3 yaktaurs
  A kobold demonologist (D:12)
  2 efreet
  8 komodo dragons
  15 ice devils
  3 anaconda simulacra (IceCv)
  A troll (shapeshifter) (D:15)
  A polar bear (shapeshifter) (D:15)
  5 trolls
  10 polar bears
  2 hornets
  Grinder (D:6)
  28 slime creatures
  9 dream sheep
  10 blink frogs
  2 raiju (Lair:5)
  A snapping turtle (Lair:2)
  2 shadows
  46 yaks
  A centaur simulacrum (D:15)
  2 dire elephant simulacra (IceCv)
  2 vampires
  9 wraiths
  3 fire elementals (D:15)
  Eustachio (D:4)
  5 basilisks
  2 fire bats (Volcano)
  A steam dragon (D:6)
  5 vampire mosquitoes
  7 wargs
  Edmund (D:4)
  3 death yak simulacra (IceCv)
  16 hell hounds
  22 nagas
  A harpy simulacrum (IceCv)
  A hydra simulacrum (IceCv)
  2 acid dragons
  10 water moccasins
  43 orc warriors
  14 black bears
  7 ogres
  4 boggarts (D:14)
  21 wolves (Lair:5)
  17 centaurs
  A phantom (D:5)
  2 kobold brigands
  4 cane toad simulacra (IceCv)
  3 necrophages
  19 bullfrogs
  8 scorpions (Ossuary)
  2 two-headed ogre simulacra (IceCv)
  5 wights (D:8)
  21 killer bees
  5 elephant simulacra (IceCv)
  6 electric eels
  10 howler monkeys
  4 lava snakes (Volcano)
  3 jellies
  2 centaur zombies (Ossuary)
  2 hounds (D:5)
  15 orc priests
  A human zombie (Ossuary)
  A gnoll bouda (D:8)
  18 orc wizards
  5 hell rats (Lair:5)
  An iguana (D:5)
  7 scorpion zombies (Ossuary)
  2 spriggan simulacra (IceCv)
  5 polar bear simulacra (IceCv)
  3 wolf simulacra (IceCv)
  3 mummies (Ossuary)
  6 gnolls
  6 adders
  4 white imps
  2 ufetubi
  3 worms
  2 dart slugs
  70 orcs
  10 bats
  6 endoplasms
  2 giant cockroaches
  12 goblins
  10 hobgoblins
  2 jackals (D:4)
  5 quokkas
  4 ball pythons
  2 frilled lizards
  3 gnoll zombies (Ossuary)
  2 goblin zombies (Ossuary)
  3 hobgoblin zombies (Ossuary)
  15 kobolds
  2 kobold zombies (Ossuary)
  2 orc zombies (Ossuary)
  9 rats
924 creatures vanquished.

Vanquished Creatures (others)
  29 fungi
  105 plants
134 creatures vanquished.

Grand Total: 1058 creatures vanquished
